 Dungeon Sprint DCSS version 0.18.1-6-gd335043 (webtiles) character file.

11 Hipnos the Covert (level 2, -2/19 HPs)
             Began as a Spriggan Enchanter on May 15, 2016.
             Was an Initiate of Dithmenos.
             Slain by a fire bat (shapeshifter) (9 damage)
             ... in the Dungeon (Sprint V: "Ziggurat Sprint").
             The game lasted 00:01:59 (89 turns).

Hipnos the Covert (Spriggan Enchanter)                Turns: 89, Time: 00:02:00

Health: -2/19      AC: 15    Str:  9    XL:     2   Next: 17%
Magic:  6/6        EV:  8    Int: 16    God:    Dithmenos [......]
Gold:   0          SH: 10    Dex: 28    Spells: 1 memorised, 5 levels left

rFire  . . .     SeeInvis +     E - +5 dagger
rCold  . . .     Gourm    .     G - +5 shadow dragon armour
rNeg   . . .     Faith    .     F - +3 buckler
rPois  .         Spirit   .     (helmet restricted)
rElec  .         Dismiss  .     (no cloak)
rCorr  .         Reflect  .     (gloves unavailable)
SustAt .         Harm     .     (boots unavailable)
MR     .....     NoTele   +     (no amulet)
Stlth  ..........               z - +6 ring of dexterity
                                y - +6 ring of dexterity

@: berserking (expiring), very quick, not resistant to hostile enchantments,
extremely unstealthy
A: unfitting armour, see invisible, herbivore 3, speed 3, slow metabolism 2
a: Renounce Religion


You were in the Dungeon.
You worshipped Dithmenos.
Dithmenos was noncommittal.
You were not hungry.

You visited 1 branch

Inventory:

Hand Weapons
 a - a +1 dagger
 E - a +5 dagger (weapon)
Armour
 b - a +1 robe
 F - a +3 buckler (worn)
 G - a +5 shadow dragon armour (worn)
Jewellery
 y - a +6 ring of dexterity (left hand)
 z - a +6 ring of dexterity (right hand)
 A - a +6 ring of intelligence
 B - a +6 ring of intelligence
 C - a +6 ring of strength
 D - a +6 ring of strength
Wands
 H - a wand of disintegration (7/24)
 I - a wand of iceblast (5/15)
 J - a wand of lightning (5/15)
 K - a wand of acid (5/15)
Scrolls
 j - 4 scrolls of blinking
 q - 4 scrolls of amnesia
 r - 3 scrolls of recharging
 s - 7 scrolls of fog
 t - a scroll of holy word
 u - 5 scrolls of identify
 v - 5 scrolls of remove curse
 w - 2 scrolls of fear
Potions
 e - 10 potions of curing
 f - 8 potions of heal wounds
 g - 6 potions of haste
 h - 7 potions of magic
 i - 2 potions of berserk rage
 k - 2 potions of brilliance
 l - 2 potions of invisibility
 m - 4 potions of resistance
 o - 5 potions of agility
 p - 5 potions of might
Books
 c - a book of Maledictions

   Spells                             Type                      Level
   a - Corona                         Hexes                        1
   b - Ensorcelled Hibernation        Hexes/Ice                    2
   c - Confuse                        Hexes                        3
   d - Tukima's Dance                 Hexes                        3
   e - Dazzling Spray                 Conjuration/Hexes            3
Comestibles
 d - 5 bread rations
 x - 42 fruits


   Skills:
 - Level 1.1 Short Blades
 - Level 3.0 Dodging
 * Level 12.1 Stealth
 - Level 2.6 Spellcasting
 + Level 3.7 Hexes


You had 5 spell levels left.
You knew the following spells:

 Your Spells              Type           Power        Failure   Level  Hunger
a - Corona                Hex            ##.....      100%        1    #......


Dungeon Overview and Level Annotations

Branches:
Dungeon (1/1)

Altars:
Ashenzari
Cheibriados
Dithmenos
Elyvilon
Fedhas
Gozag
Kikubaaqudgha
Makhleb
Nemelex Xobeh
Okawaru
Pakellas
Qazlal
Ru
Sif Muna
Trog
Vehumet
Xom
Yredelemnul
Zin
The Shining One
Beogh
Jiyva
Lugonu


Innate Abilities, Weirdness & Mutations

You are tiny and cannot use many weapons and most armour.
You have supernaturally acute eyesight.
You are a herbivore.
You cover ground extremely quickly.
You need consume almost no food.


Message History

You barely miss the worm. You hit the worm.
The worm is moderately wounded.
You block the fire bat's attack. x2; The worm bites you but does no damage.
You puncture the worm!
You kill the worm!
Dithmenos accepts your kill. You block the fire bat's attack.
You block the fire bat's attack.
Your shadow dragon armour prevents you from hitting the fire bat.
The fire bat is moderately wounded.
The fire bat bites you but does no damage.
You barely miss the fire bat.
The fire bat is moderately wounded.
The fire bat bites you.
You are engulfed in flames!
The fire bat bites you but does no damage.
You closely miss the fire bat.
The fire bat is moderately wounded.
The fire bat bites you.
You are engulfed in flames!
You die...

▓▓▓▓▓▓▓
▓.8©8.▓
▓.....▓
▓b).).▓
▓.@...▓
▓.....▓
▓.†...▓
▓▓▓▓▓▓▓


You could see a fire bat shaped shifter.

Vanquished Creatures
  A worm (shapeshifter) (D)
1 creature vanquished.

Notes
Turn   | Place    | Note
--------------------------------------------------------------
     0 | D        | Hipnos the Spriggan Enchanter began the quest for the Orb.
     0 | D        | Reached XP level 1. HP: 9/9 MP: 5/5
     0 | D        | Found a roughly hewn altar of Beogh.
     0 | D        | Found a viscous altar of Jiyva.
     0 | D        | Found a corrupted altar of Lugonu.
     0 | D        | Found a white marble altar of Elyvilon.
     0 | D        | Found a sparkling altar of Nemelex Xobeh.
     0 | D        | Found a burning altar of Makhleb.
     0 | D        | Found an iron altar of Okawaru.
     0 | D        | Found a deep blue altar of Sif Muna.
     0 | D        | Found a radiant altar of Vehumet.
     0 | D        | Found a bloodstained altar of Trog.
     0 | D        | Found a shimmering altar of Xom.
    33 | D        | Became a worshipper of Dithmenos the Shadowed
    38 | D        | Reached skill level 12 in Stealth
    38 | D        | Reached XP level 2. HP: 13/13 MP: 6/6
    63 | D        | Entered arena 1.
    63 | D        | Noticed a sky beast
    63 | D        | Noticed a fire bat
    71 | D        | Noticed a fire bat
    71 | D        | a sky beast changed into a fire bat
    78 | D        | a fire bat changed into a worm
    89 | D        | Slain by a fire bat (shapeshifter)

Skill      XL: |  1 |
---------------+----+-----
Stealth        | 12 | 12.1
Short Blades   | |  1.1
Dodging        | |  3.0
Spellcasting   | |  2.6
Hexes          | |  3.7

Action                   || total
-------------------------++-------
Melee: Dagger            ||    16
  Use: Potion            ||     4
Armor: Shadow dragon arm ||    19
Dodge: Dodged            ||     5
Block: Buckler           ||    11
